 Dungeon Crawl Stone Soup version 0.19.1 (webtiles) character file.

12710 kengeki the Cleaver (level 11, -8/160 HPs)
             Began as a Hill Orc Fighter on Dec 19, 2016.
             Was a Priest of Qazlal.
             Mangled by a minotaur
             ... wielding a +0 iron rod (0/12)
              (31 damage)
             ... in a labyrinth.
             The game lasted 01:00:10 (12734 turns).

kengeki the Cleaver (Hill Orc Fighter)             Turns: 12734, Time: 01:00:12

Health: -8/160     AC: 25    Str: 28    XL:     11   Next: 97%
Magic:  11/11      EV:  8    Int:  8    God:    Qazlal [***...]
Gold:   567        SH:  3    Dex: 10    Spells: 0 memorised, 10 levels left

rFire  . . .     SeeInvis .     a - +0 battleaxe
rCold  . . .     Gourm    .     p - +0 plate armour
rNeg   . . .     Faith    .     (shield currently unavailable)
rPois  .         Spirit   .     (no helmet)
rElec  .         Reflect  .     L - +1 cloak
rCorr  .         Harm     .     e - +0 pair of gloves
MR     .....                    J - +0 pair of boots
Stlth  ..........               E - amulet of regeneration
                                v - +3 ring of protection
                                h - +1 ring of protection

@: mighty, berserking, very slightly contaminated, very quick
A: no striking features
a: Upheaval, Elemental Force, Renounce Religion


You were in a labyrinth.
You worshipped Qazlal.
Qazlal was most pleased with you.
You were not hungry.

You visited 3 branches of the dungeon, and saw 12 of its levels.
You also visited: Labyrinth.

You collected 567 gold pieces.

Inventory:

Hand Weapons
 a - a +0 battleaxe (weapon)
 b - a +0 war axe
Armour
 e - a +0 pair of gloves (worn)
 l - a +1 leather armour of positive energy
 p - a +0 plate armour (worn)
 J - a +0 pair of boots (worn)
 L - a +1 cloak (worn)
Jewellery
 h - a +1 ring of protection (left hand)
 v - a +3 ring of protection (right hand)
 E - an amulet of regeneration (around neck)
Wands
 C - a wand of enslavement (8/24)
 D - a wand of heal wounds (2/9)
Scrolls
 d - 2 scrolls of immolation
 k - a scroll of magic mapping
 o - 4 scrolls of teleportation
 q - a scroll of enchant armour
 r - a scroll of fear
 t - 2 scrolls of identify
 w - a scroll of recharging
 y - 3 scrolls of fog
 B - 5 scrolls of remove curse
Potions
 c - a potion of magic
 s - 2 potions of brilliance
 x - a potion of lignification
 A - a potion of cure mutation
 H - a potion of curing
Comestibles
 f - 8 bread rations
 j - 7 meat rations
 u - 3 beef jerkies
 I - 7 slices of pizza


   Skills:
 + Level 13.2 Fighting
 + Level 13.8 Axes
 + Level 12.0 Armour
   Level 3.2 Shields


You had 10 spell levels left.
You didn't know any spells.

Dungeon Overview and Level Annotations

Branches:
Dungeon (9/15)             Temple (1/1) D:7            Lair (2/6) D:9
  Swamp (0/4) Lair:2        Snake (0/4) Lair:2
    Orc: D:9-12

Altars:
Ashenzari
Cheibriados
Dithmenos
Elyvilon
Fedhas
Gozag
Hepliaklqana
Kikubaaqudgha
Makhleb
Nemelex Xobeh
Okawaru
Qazlal
Ru
Sif Muna
Trog
Uskayaw
Vehumet
Xom
Yredelemnul
Zin
The Shining One

Shops:
D:5 (


Message History

Unknown command.
Evoke which item? (* to show all) (? for menu, Esc to quit)
Zapping:
D - a wand of heal wounds (3/9)
Press: ? - help, Shift-Dir - straight line, f - you You feel much better.
This wand has 2 charges left.
You hear a bellow!
A red film seems to cover your vision as you go berserk!
You feel yourself moving faster!
You feel mighty! The minotaur closely misses you. The minotaur gores you!!
The minotaur hits you with an iron rod!
* * * LOW HITPOINT WARNING * * *
The minotaur barely misses you.
Unknown command.
You slice the minotaur!!
The minotaur is moderately wounded.
The minotaur hits you with an iron rod!!
* * * LOW HITPOINT WARNING * * *
The minotaur gores you but does no damage.
The minotaur hits you with an iron rod!!
You die...

. #. # . .... #.#
#.# #.# ### ##
...#.. #.# #. #
#.#.###.### .# #
...# # # #.#. #
### #.###
#.#####.#.#.
...#...... ....
.#.
#.#§.#######..###
# #...@#.#≈≈≈#...
# .
#.#§H#.#.≈≈#..###.
.# ..
#..'((.<≈#..# # .
# #. ####.#.≈≈# #
# #.# ≈≈#... ..
#######.. # .. . #
#


You could see a minotaur (berserk).

Vanquished Creatures
  Erica (Lair:1)
  The ghost of dscm the Skirmisher, a novice OpSk of Cheibriados (D:7)
  Pikel (D:7)
  Joseph (D:7)
  A spiny frog (Lair:1)
  4 komodo dragons
  A troll (D:9)
  The ghost of loralnil the Chopper, an amateur FoAK of Lugonu (D:3)
  A minotaur skeleton (Lab)
  2 hippogriffs
  9 yaks
  2 wyverns
  3 hogs (D:7)
  A human (D:7)
  5 hungry ghosts
  The ghost of buskinjo the Caller, an amateur DsSu (D:4)
  5 insubstantial wisps (Lair:2)
  3 water moccasins
  2 porcupines
  3 sky beasts
  2 black bears
  An orc warrior (D:8)
  2 ice beasts
  A necrophage (D:8)
  A phantom (D:9)
  2 wolves (Lair:1)
  2 ogres (D:9)
  2 centaurs
  2 crocodiles
  A big kobold (D:8)
  Blork the orc (D:4)
  3 bullfrogs
  3 scorpions
  10 killer bees
  8 wights
  2 crimson imps
  2 centaur zombies (D:9)
  A bullfrog zombie (D:9)
  4 orc priests
  2 hounds
  13 orc wizards
  A bullfrog skeleton (D:6)
  2 gnoll shamans
  Natasha (thrice) (D:3)
  2 iguanas
  4 worker ants
  A hell rat (Lair:2)
  A killer bee zombie (D:7)
  2 hound zombies
  A hound skeleton (D:8)
  6 river rats (Lair:2)
  11 adders
  13 gnolls
  A shadow imp (D:9)
  An ooze (D:6)
  An adder skeleton (D:8)
  3 dart slugs
  3 leopard geckos
  44 orcs
  2 ball pythons (D:1)
  5 giant cockroaches
  9 goblins
  10 hobgoblins
  14 jackals
  4 quokkas
  7 bats
  10 frilled lizards
  2 jackal skeletons
  7 kobolds
  A quokka skeleton (D:5)
  A quokka zombie (D:9)
  6 rats
  2 fungi
  A plant (Lair:2)
294 creatures vanquished.

Vanquished Creatures (others)
  A yak (Lair:2)
  4 slaves
  An orc wizard (D:7)
  A hell rat (Lair:2)
  A river rat (Lair:2)
  An orc (D:7)
  A rat (Lair:2)
  A butterfly (Lair:2)
  A plant (Lair:2)
12 creatures vanquished.

Grand Total: 306 creatures vanquished

Notes
Turn   | Place    | Note
-------+----------+-------------------------------------------
     0 | D:1      | kengeki the Hill Orc Fighter began the quest for the Orb.
     0 | D:1      | Reached XP level 1. HP: 19/19 MP: 1/1
    45 | D:1      | Reached XP level 2. HP: 21/27 MP: 2/2
   304 | D:2      | Reached XP level 3. HP: 33/33 MP: 3/3
   390 | D:4      | Noticed Blork the orc
   396 | D:4      | Killed Blork the orc
   396 | D:4      | Reached XP level 4. HP: 32/41 MP: 4/4
   481 | D:4      | Reached skill level 5 in Fighting
   639 | D:4      | Noticed buskinjo's ghost (amateur DsSu)
   672 | D:4      | Killed buskinjo's ghost
   672 | D:4      | Reached skill level 5 in Axes
   672 | D:4      | Reached XP level 5. HP: 34/48 MP: 5/5
   672 | D:4      | Reached XP level 6. HP: 40/56 MP: 6/6
   811 | D:4      | Reached skill level 5 in Armour
  1167 | D:5      | Entered Level 5 of the Dungeon
  1167 | D:5      | Noticed a sky beast
  1191 | D:4      | Killed a sky beast
  1191 | D:4      | Reached XP level 7. HP: 28/63 MP: 7/7
  1574 | D:5      | You fall through a shaft for 3 floors!
  1963 | D:7      | Found a blossoming altar of Fedhas.
  1971 | D:7      | Reached XP level 8. HP: 64/73 MP: 8/8
  1975 | D:7      | Noticed dscm's ghost (novice OpSk)
  1976 | D:7      | Noticed a hippogriff
  1999 | D:7      | Noticed Pikel
  2055 | D:7      | Killed Pikel
  2253 | D:8      | Noticed a wyvern
  2586 | D:5      | Found a hazy altar of Hepliaklqana.
  2595 | D:5      | Found a burning altar of Makhleb.
  2724 | D:5      | Reached XP level 9. HP: 82/82 MP: 9/9
  2789 | D:5      | Found Gaaraef's Antique Weapon Shop.
  5844 | D:3      | Noticed Natasha
  5851 | D:3      | Killed Natasha
  5925 | D:3      | Noticed loralnil's ghost (amateur FoAK)
  5931 | D:3      | Killed loralnil's ghost
  6302 | D:3      | Noticed Natasha
  6310 | D:3      | Killed Natasha
  6318 | D:3      | Noticed Natasha
  6326 | D:3      | Killed Natasha
  7840 | D:7      | Noticed Joseph
  7853 | D:7      | Killed Joseph
  7853 | D:7      | Reached skill level 10 in Fighting
  7853 | D:7      | Reached skill level 10 in Axes
  8256 | D:7      | Reached XP level 10. HP: 88/94 MP: 10/10
  8356 | D:7      | Found a staircase to the Ecumenical Temple.
  8384 | Temple   | Entered the Ecumenical Temple
  8414 | Temple   | Became a worshipper of Qazlal Stormbringer
  9205 | D:8      | Reached skill level 10 in Armour
  9376 | D:8      | Reached * piety under Qazlal
 10303 | D:9      | Found a staircase to the Lair.
 10380 | D:9      | Found a glowing silver altar of Zin.
 10567 | D:7      | Killed dscm's ghost
 10567 | D:7      | Reached ** piety under Qazlal
 10567 | D:7      | Reached XP level 11. HP: 73/104 MP: 11/11
 10737 | Lair:1   | Entered Level 1 of the Lair of Beasts
 11086 | Lair:1   | Noticed Erica
 11096 | Lair:1   | Killed Erica
 11937 | Lair:2   | Found a labyrinth entrance.
 12022 | Lab      | Entered a labyrinth
 12590 | Lab      | Reached *** piety under Qazlal
 12721 | Lab      | Noticed a minotaur
 12734 | Lab      | Mangled by a minotaur

Skill      XL: |  1  2  3  4  5  6  7  8  9 10 11 |
---------------+----------------------------------+-----
Fighting       | 4 5 6 7 8 10 11 13 | 13.2
Axes           | 3 5 7 8 10 12 13 | 13.8
Armour         | 4 5 6 7 9 10 12 | 12.0
Shields        | |  3.2

Action                   |  1- 3 |  4- 6 |  7- 9 | 10-12 || total
-------------------------+-------+-------+-------+-------++-------
Melee: War axe           |    31 |       |    48 |    38 ||   117
       Battleaxe         |       |   122 |   466 |   460 ||  1048
Evoke: Wand              |       |       |       |     3 ||     3
  Use: Scroll            |     4 |     4 |     6 |    10 ||    24
       Potion            |     1 |     3 |     5 |     7 ||    16
 Stab: Invisible         |       |       |     1 |       ||     1
  Eat: Chunk             |       |     1 |    19 |    14 ||    34
       Beef jerky        |       |       |     2 |     1 ||     3
       Bread ration      |       |       |     1 |       ||     1
       Fruit             |       |       |       |     6 ||     6
       Royal jelly       |       |       |       |     1 ||     1
Armor: Scale mail        |     7 |       |       |       ||     7
       Chain mail        |    21 |   115 |   171 |       ||   307
       Plate armour      |       |       |   253 |   359 ||   612
       Leather armour    |       |       |       |     3 ||     3
Dodge: Dodged            |    20 |    48 |   203 |   149 ||   420
Block: Shield            |     5 |       |       |       ||     5
       Other             |       |       |       |    24 ||    24
